 Dungeon Crawl Stone Soup version 0.18.1-5-g4a78601 (webtiles) character file.

1866 mopl the Sneak (level 8, -7/46 HPs)
             Began as a High Elf Enchanter on May 11, 2016.
             Mangled by a gnoll
             ... wielding a +0 flail
              (11 damage)
             ... on level 5 of the Dungeon on May 12, 2016.
             The game lasted 00:11:36 (4861 turns).

mopl the Sneak (High Elf Enchanter)                 Turns: 4861, Time: 00:11:37

Health: -7/46      AC:  2    Str:  7    XL:     8   Next: 90%
Magic:  16/16      EV:  7    Int: 20    God:
Gold:   230        SH:  0    Dex: 17    Spells: 5 memorised, 4 levels left

rFire  . . .     SeeInvis .     a - +0 dagger (elec)
rCold  . . .     Gourm    .     E - -1 robe (curse)
rNeg   . . .     Faith    .     (no shield)
rPois  .         Spirit   .     (no helmet)
rElec  .         Dismiss  .     v - +0 cloak
rCorr  .         Reflect  .     (no gloves)
SustAt .         Harm     .     (no boots)
MR     .....                    (no amulet)
Stlth  ++++......               (no ring)
                                (no ring)

@: held, not resistant to hostile enchantments, stealthy
A: no striking features
a: no special abilities


You were on level 5 of the Dungeon.
You were not hungry.

You visited 1 branch of the dungeon, and saw 7 of its levels.

You collected 279 gold pieces.
You spent 49 gold pieces at shops.

Inventory:

Hand Weapons
 a - a +0 dagger of electrocution (weapon)
Missiles
 e - 4 tomahawks (quivered)
Armour
 b - a +1 robe
 v - a +0 cloak (worn)
 E - a cursed -1 robe (worn)
Magical Staves
 t - an uncursed staff of fire {unknown}
Wands
 w - a wand of lightning (2/15)
 B - a wand of flame (7/48)
Scrolls
 f - a scroll of enchant armour {unknown}
 g - 4 scrolls of noise {unknown}
 i - a scroll of random uselessness {unknown}
 j - a scroll of amnesia {unknown}
 k - 3 scrolls of identify {unknown}
 n - a scroll of fog {unknown}
 q - 4 scrolls of remove curse {unknown}
 x - a scroll of blinking {unknown}
 y - a scroll of recharging {unknown}
 z - a scroll of magic mapping {unknown}
 C - a scroll of fear {unknown}
Potions
 h - a potion of haste {unknown}
 l - a potion of curing {unknown}
 o - a potion of beneficial mutation {unknown}
 p - 2 potions of heal wounds {unknown}
 s - 3 potions of flight {unknown}
 A - 3 potions of ambrosia {unknown}
 D - a potion of mutation {unknown}
Books
 c - a book of Maledictions

   Spells                             Type                      Level
   a - Corona                         Hexes                        1
   b - Ensorcelled Hibernation        Hexes/Ice                    2
   c - Confuse                        Hexes                        3
   d - Tukima's Dance                 Hexes                        3
   e - Dazzling Spray                 Conjuration/Hexes            3
Comestibles
 d - 6 bread rations
 m - a beef jerky
 r - 3 meat rations
 u - 3 chunks of flesh


   Skills:
 + Level 5.0 Short Blades
 - Level 2.1 Dodging
 * Level 7.8 Stealth
 + Level 4.9 Spellcasting
 + Level 3.1 Conjurations
 * Level 6.8 Hexes
 + Level 3.9 Ice Magic


You had 4 spell levels left.
You knew the following spells:

 Your Spells              Type           Power        Failure   Level  Hunger
a - Corona                Hex            ####...      1%          1    None
b - Ensorcelled Hibernat  Hex/Ice        ####..       1%          2    #......
c - Confuse               Hex            ####....     1%          3    ##.....
d - Tukima's Dance        Hex            ####....     1%          3    ##.....
g - Dazzling Spray        Conj/Hex       ###.....     6%          3    ##.....


Dungeon Overview and Level Annotations

Branches:
Dungeon (7/15)
 Temple: D:4-7

Altars:
Kikubaaqudgha
Nemelex Xobeh
Okawaru
Ru
The Shining One

Shops:
D:5 =


Message History

The gnoll hits you but does no damage.
The gnoll hits you from afar with a spear.
You hit the gnoll.
The gnoll is moderately wounded.
The gnoll hits you with a spear. The gnoll closely misses you.
The gnoll hits you from afar with a spear!
The gnoll throws a throwing net.
The throwing net hits you.
You become entangled in the net!
You see here a throwing net.
You struggle to escape the net.
The gnoll hits you from afar with a spear. x3
You try to slip out of the net.
The gnoll hits you from afar with a spear.
* * * LOW HITPOINT WARNING * * *
The gnoll hits you from afar with a spear.
* * * LOW HITPOINT WARNING * * *
The gnoll hits you from afar with a spear.
* * * LOW HITPOINT WARNING * * *
The gnoll hits you with a flail!
You die...

###.#.#.# #...# #.####...
....#.#.#####...#
#........
....#...........#
######... ......#....##
#.# ###.
#.###.####.##.#.# #. #.#
#.# ##.#.# ## #.# #.# #.
#.#.######### #### #.#
#.# #..#...........# #...
#.# #.# #....g.@.#####.#
#.## #.# #.# #<...gg...#
#.# #.# #.. .#
#....!g...# #.# #.# ###
#.....⌠....####.######.#
#...................##.##
#........................
##.%.._...#########.#####
####...### #...... #####
#######


You could see 4 gnolls.

Vanquished Creatures
  The ghost of Rekenzichi the Ducker, a novice DrGl (D:6)
  The ghost of Wingboner the Changer, a novice DrTm (D:4)
  Grinder (D:3)
  2 ogres
  2 centaurs
  A howler monkey (D:6)
  A hound (D:6)
  2 orc priests
  Crazy Yiuf (D:4)
  Ijyb (D:3)
  2 orc wizards
  6 worker ants
  A killer bee zombie (D:6)
  A hound skeleton (D:7)
  7 adders
  A shadow imp (D:6)
  2 oozes
  2 worms
  5 dart slugs
  6 giant geckos
  14 orcs
  2 ball pythons
  4 bats
  2 giant cockroaches (D:5)
  12 goblins
  5 hobgoblins
  21 jackals
  3 quokkas (D:3)
  4 giant newts
  4 kobolds
  A quokka zombie (D:5)
  5 rats
123 creatures vanquished.

Notes
Turn   | Place    | Note
--------------------------------------------------------------
     0 | D:1      | mopl the High Elf Enchanter began the quest for the Orb.
     0 | D:1      | Reached XP level 1. HP: 11/11 MP: 4/4
   355 | D:1      | Reached XP level 2. HP: 17/17 MP: 6/6
   359 | D:1      | Learned a level 2 spell: Ensorcelled Hibernation
  1148 | D:2      | Reached XP level 3. HP: 20/21 MP: 2/7
  1158 | D:2      | Learned a level 3 spell: Confuse
  1187 | D:2      | Reached skill level 4 in Stealth
  1671 | D:2      | Reached XP level 4. HP: 24/27 MP: 5/8
  1673 | D:2      | Reached skill level 2 in Short Blades
  1805 | D:3      | Noticed Grinder
  1819 | D:3      | Killed Grinder
  1819 | D:3      | Reached skill level 5 in Stealth
  1819 | D:3      | Reached skill level 3 in Spellcasting
  1819 | D:3      | Reached skill level 4 in Hexes
  1819 | D:3      | Reached skill level 1 in Ice Magic
  1819 | D:3      | Reached XP level 5. HP: 18/31 MP: 5/10
  1819 | D:3      | Reached XP level 6. HP: 21/36 MP: 5/11
  1824 | D:3      | Learned a level 3 spell: Tukima's Dance
  1833 | D:3      | Found a glowing golden altar of the Shining One.
  1833 | D:3      | Found an ancient bone altar of Kikubaaqudgha.
  1892 | D:3      | Noticed Ijyb
  1941 | D:3      | Killed Ijyb
  2030 | D:3      | Reached skill level 3 in Short Blades
  2058 | D:3      | Reached skill level 2 in Ice Magic
  2675 | D:3      | Reached skill level 5 in Hexes
  2773 | D:4      | Reached XP level 7. HP: 27/41 MP: 8/13
  2781 | D:4      | Learned a level 3 spell: Dazzling Spray
  2795 | D:4      | Noticed Wingboner's ghost (novice DrTm)
  2818 | D:4      | Killed Wingboner's ghost
  2818 | D:4      | Reached skill level 6 in Stealth
  2818 | D:4      | Reached skill level 1 in Conjurations
  3212 | D:4      | Reached skill level 3 in Ice Magic
  3536 | D:4      | Reached skill level 4 in Short Blades
  3536 | D:4      | Reached skill level 4 in Spellcasting
  3631 | D:4      | Noticed Crazy Yiuf
  3637 | D:4      | Killed Crazy Yiuf
  4029 | D:5      | Entered Level 5 of the Dungeon
  4030 | D:5      | Found Adiufoz's Jewellery Shop.
  4044 | D:5      | Bought a cursed ring of teleportation for 49 gold pieces
  4085 | D:5      | Found an iron altar of Okawaru.
  4092 | D:5      | Reached XP level 8. HP: 39/46 MP: 8/15
  4307 | D:5      | Reached skill level 7 in Stealth
  4337 | D:5      | Reached skill level 6 in Hexes
  4403 | D:5      | You fall through a shaft for 2 floors!
  4418 | D:6      | Reached skill level 2 in Conjurations
  4464 | D:6      | Noticed Rekenzichi's ghost (novice DrGl)
  4512 | D:6      | Killed Rekenzichi's ghost
  4645 | D:6      | Reached skill level 3 in Conjurations
  4656 | D:6      | Reached skill level 5 in Short Blades
  4850 | D:5      | Found a sacrificial altar of Ru.
  4853 | D:5      | Found a sparkling altar of Nemelex Xobeh.
  4861 | D:5      | Mangled by a gnoll

Skill      XL: |  1  2  3  4  5  6  7  8 |
---------------+-------------------------+-----
Stealth        | 4 5 6 7 |  7.8
Short Blades   | 2 3 4 5 |  5.0
Spellcasting   | 3 4 |  4.9
Hexes          | 4 5 6 |  6.8
Ice Magic      | 1 2 3 |  3.9
Conjurations   | 1 3 |  3.1
Dodging        | |  2.1

Action                   |  1- 3 |  4- 6 |  7- 9 || total
-------------------------+-------+-------+-------++-------
Melee: Dagger            |    69 |   149 |   181 ||   399
 Cast: Corona            |     2 |       |       ||     2
       Ensorcelled Hiber |    14 |    17 |    29 ||    60
       Confuse           |       |     2 |     7 ||     9
       Dazzling Spray    |       |       |     4 ||     4
 Stab: Sleeping          |    19 |    20 |    32 ||    71
       Confused          |       |     3 |    11 ||    14
       Distracted        |       |       |     2 ||     2
  Eat: Chunk             |     3 |     5 |     8 ||    16
Armor: Robe              |     9 |    23 |    30 ||    62
Dodge: Dodged            |    41 |    77 |    62 ||   180
